 Dungeon Crawl Stone Soup version 0.29-a0-23-ga79f92ac9c (webtiles) character file.

Game seed: 16549336116923693281

133 Ajdolov the Ruffian (level 4, -2/44 HPs)
             Began as a Troll Monk on Jan 30, 2022.
             Succumbed to a kobold's poison
             ... on level 2 of the Dungeon.
             The game lasted 00:02:13 (733 turns).

Ajdolov the Ruffian (Troll Monk)                     Turns: 733, Time: 00:02:14

Health: -2/44      AC:  4    Str: 21    XL:     4   Next: 93%
Magic:  3/3        EV: 10    Int:  6    God:
Gold:   95         SH:  0    Dex: 12    Spells: 3/3 levels left

rFire   . . .      SeeInvis .     - Unarmed
rCold   . . .      Faith    .   (no shield)
rNeg    . . .      Spirit   .   a - +0 robe
rPois   .          Reflect  .   (helmet restricted)
rElec   .          Harm     .   (no cloak)
rCorr   .          Rampage  .   (gloves unavailable)
Will    .....                   (boots unavailable)
Stlth   ++........              (no amulet)
HPRegen 0.94/turn               (no ring)
MPRegen 0.08/turn               (no ring)

@: mighty, lethally poisoned (-2 -> -12)
A: large, unfitting armour, claws 3, regeneration 1, shaggy fur 1, tough skin 1
a: no special abilities


You were on level 2 of the Dungeon.
You visited 1 branch of the dungeon, and saw 2 of its levels.

You collected 95 gold pieces.

Inventory:

Missiles
 g - 21 stones (quivered)
Armour
 a - a +0 robe (worn)
Scrolls
 b - 2 scrolls of vulnerability {unknown}
 e - a scroll of identify {unknown}
Potions
 c - a potion of haste


   Skills:
 - Level 2.7 Fighting
 + Level 1.7 Throwing
 - Level 2.4 Dodging
 - Level 1.0 Stealth
 * Level 4.9 Unarmed Combat


You had 3 spell levels left.
You didn't know any spells.
Your spell library contained the following spells:

 Spells                   Type           Power      Damage    Failure   Level
 Beastly Appendage        Tmut           0%         N/A       45%         1
 Wereblood                Tmut           0%         N/A       58%         2
 Ignite Poison            Fire/Tmut/Pois 0%         N/A       83%         3
 Mephitic Cloud           Conj/Pois/Air  0%         N/A       83%         3
 Spider Form              Tmut/Pois      0%         N/A       83%         3
 Freezing Cloud           Conj/Ice/Air   0%         6-21      100%        5


Dungeon Overview and Level Annotations

Branches:
Dungeon (2/15)

Altars:


Innate Abilities, Weirdness & Mutations

You are too large for most types of armour.
You have claws for hands.
Your natural rate of healing is unusually fast.
You are covered in fur. (AC +1)
You have tough skin. (AC +1)


Message History

You scratch the gnoll.
The gnoll is severely wounded.
The gnoll closely misses you.
You claw the gnoll!
You kill the gnoll!
You start resting.
HP restored.
Things that are here:
a +0 halberd; a gnoll corpse A kobold is nearby!
You barely miss the kobold. The kobold hits you but does no damage.
You are poisoned.
You barely miss the kobold. Your claw misses the kobold.
You feel sick.
The kobold hits you with a +2 short sword of venom.
You are more poisoned.
You closely miss the kobold.
You feel very sick. The kobold barely misses you.
You scratch the kobold but do no damage.
You feel very sick.
The kobold hits you with a +2 short sword of venom!
You are more poisoned.
You barely miss the kobold. Your claw misses the kobold.
You feel very sick. The kobold hits you but does no damage.
You are lethally poisoned!
You miss the kobold. You claw the kobold, but do no damage.
You feel extremely sick.
The kobold hits you with a +2 short sword of venom.
* * * LOW HITPOINT WARNING * * *
You closely miss the kobold.
* * * LOW HITPOINT WARNING * * *
You feel very sick.
It was a potion of cancellation.
You feel magically purged.
* * * LOW HITPOINT WARNING * * *
You feel very sick. The kobold barely misses you.
It was a potion of might.
You feel very mighty all of a sudden.
You die...

.........#
.........##########
......g...glK.....#
.......K#########l#######
###.#.....l.#....K......#
#######g#.###.####.##
#.#.# #†# #.#.###.#
#.#..@K.####.#
#[#..........#
#.#.########## #.#.#
#.#.# ... ###.#.# ...
#..)..# ... #.#)#######
#'# #.#......<#


You could see a kobold.

Vanquished Creatures
  A phantom (D:2)
  3 gnolls
  3 dart slugs (D:1)
  A ball python (D:1)
  3 giant cockroaches
  2 goblins (D:1)
  4 hobgoblins
  2 quokkas (D:1)
  A bat (D:2)
  2 frilled lizards
  3 kobolds
  A rat (D:1)
26 creatures vanquished.

Notes
Turn   | Place    | Note
-------+----------+-------------------------------------------
     0 | D:1      | Ajdolov the Troll Monk began the quest for the Orb.
     0 | D:1      | Reached XP level 1. HP: 22/22 MP: 0/0
    92 | D:1      | Reached XP level 2. HP: 28/29 MP: 1/1
   380 | D:2      | Noticed a phantom
   600 | D:1      | Reached skill level 4 in Unarmed Combat
   600 | D:1      | Reached XP level 3. HP: 27/36 MP: 2/2
   623 | D:2      | Killed a phantom
   624 | D:2      | Reached skill level 1 in Throwing
   624 | D:2      | Reached XP level 4. HP: 16/44 MP: 3/3
   732 | D:2      | HP: 2/44 [poisoned by a kobold]
   733 | D:2      | Succumbed to a kobold's poison

Illustrated notes

Levels and vault maps discovered:
D:1:      ncdulo_halloftheorcs, layout_rooms
D:2:      layout_basic, serial_shops, shop

Skill      XL: |  1  2  3 |
---------------+----------+-----
Unarmed Combat | 4 |  4.9
Throwing       | 1 |  1.7
Fighting       | |  2.7
Dodging        | |  2.4
Stealth        | |  1.0

Action                   |  1- 3 |  4- 6 || total
-------------------------+-------+-------++-------
Melee: Unarmed           |    55 |    22 ||    77
       Punch             |     1 |     1 ||     2
  Use: Potion            |       |     3 ||     3
Armor: Robe              |    11 |     7 ||    18
Dodge: Dodged            |    32 |    13 ||    45

Table legend: (Time is in decaauts)
 A = Elapsed time spent in this place.
 B = Non-inter-level travel time spent in this place.
 C = Inter-level travel time spent in this place.
 D = Time resting spent in this place.
 E = Time spent auto-exploring this place.
 F = Levels seen in this place.
 G = Mean time per level.
                   A        B        C        D        E       F      G
               +--------+--------+--------+--------+--------+-----+--------+
         Total |    718 |    679 |     39 |     40 |    383 |   2 |  359.0 |
       Dungeon |    718 |    679 |     39 |     40 |    383 |   2 |  359.0 |
               +--------+--------+--------+--------+--------+-----+--------+

Top non-repeatable levels by time:
     D:1: 412 daAuts
     D:2: 305 daAuts
